 Dungeon Crawl Stone Soup version 0.26.0-45-g9c1d065592 (webtiles) character file.

Game seed: 16925227116813551354

277 Destapler the Skirmisher (level 6, -6/56 HPs)
             Began as a Minotaur Fighter on Jan 29, 2021.
             Was a Follower of Cheibriados.
             Mangled by an ogre
             ... wielding a +0 giant club
              (23 damage)
             ... on level 4 of the Dungeon.
             The game lasted 00:05:40 (3041 turns).

Destapler the Skirmisher (Minotaur Fighter)         Turns: 3041, Time: 00:05:40

Health: -6/56      AC:  8    Str: 25    XL:     6   Next: 4%
Magic:  5/5        EV: 10    Int:  8    God:    Cheibriados [*.....]
Gold:   235        SH:  5    Dex: 13    Spells: 5/5 levels left

rFire    . . .     SeeInvis .   y - -2 dagger (curse)
rCold    . . .     Faith    .   s - +0 buckler
rNeg     . . .     Spirit   .   b - +0 scale mail
rPois    +         Reflect  .   (helmet restricted)
rElec    .         Harm     .   o - +0 cloak {rPois}
rCorr    .         Rampage  .   (no gloves)
Will     .....                  (no boots)
Stlth    ..........             (no amulet)
HPRegen  0.18/turn              (no ring)
MPRegen  0.09/turn              (no ring)

@: very slow
A: retaliatory headbutt, horns 2
a: Renounce Religion, Bend Time


You were on level 4 of the Dungeon.
You worshipped Cheibriados.
Cheibriados was aware of your devotion.
You visited 1 branch of the dungeon, and saw 4 of its levels.

You collected 235 gold pieces.

Inventory:

Hand Weapons
 a - a +0 war axe
 l - a +3 short sword of flaming
 y - a cursed -2 dagger (weapon)
Missiles
 k - 28 poisoned darts (quivered)
 v - 7 curare-tipped darts
Armour
 b - a +0 scale mail (worn)
 c - a +1 kite shield
 o - a +0 cloak of poison resistance (worn)
 s - a +0 buckler (worn)
Jewellery
 f - a cursed ring of teleportation {unknown}
 r - a cursed ring of attention {unknown}
Wands
 w - a wand of digging (4)
 x - a wand of flame (17)
Scrolls
 g - 2 scrolls of teleportation
 p - 3 scrolls of identify
Potions
 d - a potion of might
 e - 2 potions of degeneration {unknown}
 h - 2 potions of mutation {unknown}
 i - a potion of flight {unknown}
 j - 3 potions of curing
 m - a potion of lignification {unknown}
 n - a potion of heal wounds {unknown}
 q - a potion of haste {unknown}
 t - a potion of brilliance {unknown}
 u - a potion of resistance {unknown}


   Skills:
 + Level 5.1 Fighting
 + Level 4.3 Axes
 + Level 5.1 Armour
 + Level 5.1 Shields


You had 5 spell levels left.
You didn't know any spells.
Your spell library was empty.

Dungeon Overview and Level Annotations

Branches:
Dungeon (4/15)
 Temple: D:4-7

Altars:
Cheibriados
Nemelex Xobeh


Innate Abilities, Weirdness & Mutations

You reflexively headbutt those who attack you in melee.
You have a pair of horns on your head.


Message History

Your scale mail prevents you from hitting the ogre.
The ogre is severely wounded.
You block the ogre's attack. The gnoll barely misses you.
An orc priest comes into view. It is wielding a +0 trident.
You barely miss the ogre.
The orc priest shouts!
Your headbutt misses the ogre.
The ogre is severely wounded.
A centaur skeleton comes into view.
You block the ogre's attack. The gnoll hits you but does no damage.
An orc comes into view. It is wielding a +0 club.
The centaur skeleton moves out of view.
You barely miss the ogre.
The ogre is severely wounded.
You block the ogre's attack. The gnoll barely misses you.
The orc priest casts a cantrip, but nothing happens.
You barely miss the ogre.
The ogre is severely wounded.
The ogre hits you with a +0 giant club!!
You die...

# ###.# ########## . #.
##.## .. #.#####...#####
.l.#.............########
......####...###.........
.###...####.## #..#######
......)g.##.# #..#
####(.g#O##.####..#
##.##@##...##..# #.
#.####.##..###### # ##.##
#.##..##...##
#o..###.##..##.#...
#.#.#....#....##...##
#.o.....###.......##
########.#.######## ##.##
###


You could see an ogre, an orc priest, a gnoll and an orc.

Vanquished Creatures
  A howler monkey (D:4)
  Crazy Yiuf (D:3)
  A hound (D:4)
  Jessica (D:2)
  An iguana (D:4)
  2 gnolls (D:4)
  2 adders
  2 oozes (D:1)
  A worm (D:4)
  2 dart slugs
  2 leopard geckos (D:2)
  3 orcs
  4 giant cockroaches
  9 goblins
  8 hobgoblins
  6 jackals (D:2)
  A quokka (D:3)
  11 bats
  5 frilled lizards
  5 kobolds
  9 rats
77 creatures vanquished.

Notes
Turn   | Place    | Note
-------+----------+-------------------------------------------
     0 | D:1      | Destapler the Minotaur Fighter began the quest for the Orb.
     0 | D:1      | Reached XP level 1. HP: 19/19 MP: 0/0
   299 | D:1      | Reached XP level 2. HP: 27/27 MP: 1/1
   647 | D:1      | Reached XP level 3. HP: 33/33 MP: 2/2
   833 | D:2      | Noticed Jessica
   837 | D:2      | Killed Jessica
   971 | D:2      | Reached XP level 4. HP: 34/41 MP: 3/3
  1243 | D:2      | Found a sparkling altar of Nemelex Xobeh.
  1796 | D:3      | Found a runed translucent door.
  1797 | D:3      | Noticed Crazy Yiuf
  2296 | D:3      | Found a faded altar of an unknown god.
  2302 | D:3      | Became a worshipper of Cheibriados the Contemplative
  2302 | D:3      | Reached * piety under Cheibriados
  2378 | D:3      | Killed Crazy Yiuf
  2379 | D:3      | Reached XP level 5. HP: 16/47 MP: 1/4
  2694 | D:4      | Reached skill level 5 in Fighting
  2694 | D:4      | Reached skill level 5 in Shields
  2738 | D:4      | Reached skill level 5 in Armour
  3014 | D:4      | Noticed an ogre
  3029 | D:4      | Reached XP level 6. HP: 46/56 MP: 5/5
  3041 | D:4      | Mangled by an ogre

Illustrated notes

Levels and vault maps discovered:
D:1:      dpeg_arrival_pits, layout_loops_cross, lemuel_old_faithful
D:2:      layout_rooms, old_standard_altar, uniq_jessica
D:3:      layout_loops_ring, chequers_ecumenical_altar_grove,
          uniq_crazy_yiuf_cottage
D:4:      layout_loops_ring

Skill      XL: |  1  2  3  4  5 |
---------------+----------------+-----
Armour         | 4 5 |  5.1
Shields        | 4 5 |  5.1
Fighting       | 4 5 |  5.1
Axes           | 3 4 |  4.3

Action                   |  1- 3 |  4- 6 || total
-------------------------+-------+-------++-------
Melee: War axe           |    67 |    13 ||    80
       Headbutt          |     6 |    34 ||    40
       Dagger            |       |   114 ||   114
       Short sword       |       |    39 ||    39
  Use: Scroll            |       |     8 ||     8
Armor: Scale mail        |    36 |    72 ||   108
Dodge: Dodged            |    29 |    73 ||   102
Block: Kite shield       |    33 |    10 ||    43
       Buckler           |       |    31 ||    31
